Map: Romanticide LE

Players

uThermal

  • Race: Terran Terran

HeroMarine - Winner!

  • Race: Terran Terran

Event: DreamHack SC2 Masters 2021 Fall

VOD

Have the link to the VOD?

Description

Time

  • Played on: July 30, 2021, 12:29 p.m.
  • Length: 11:03

All games in this series

Show
View Real Time Build Order
Export as new Build Order

uThermal Terran 

Build Orders: Mech 

Get SALT Encoding   

  12  0:00  SCV  
  13  0:12  SCV  
  14  0:16  Supply Depot  
  14  0:24  SCV  
  15  0:38  SCV  
  15  0:39  Barracks  
  16  0:43  Refinery  
  16  0:50  SCV  
  16  0:52  Refinery  
  17  1:02  SCV  
  18  1:14  SCV  
  19  1:26  Reaper  
  19  1:27  Orbital Command  
  19  1:28  Supply Depot  
  20  1:43  Factory  
  20  1:53  SCV  
  21  1:59  Reaper  
  22  2:05  SCV  
  23  2:17  SCV  
  24  2:23  Command Center  
  24  2:28  Widow Mine  
  26  2:30  SCV  
  26  2:33  Barracks Reactor  
  27  2:41  Starport  
  27  2:44  SCV  
  28  2:51  Factory Tech Lab  
  28  2:54  Supply Depot  
  28  2:56  SCV  
  28  3:08  SCV  
  27  3:17  Cyclone  
  30  3:20  Marine  
  30  3:24  Marine, SCV  
  33  3:29  Starport Tech Lab  
  33  3:36  SCV, Orbital Command  
  34  3:47  Refinery  
  34  3:49  SCV  
  34  3:50  Siege Tank  
  38  3:58  Marine x2  
  38  4:01  SCV  
  38  4:02  SCV  
  42  4:13  SCV  
  42  4:14  Raven, SCV  
  46  4:18  Marine x2, Supply Depot  
  48  4:25  SCV  
  48  4:26  SCV  
  48  4:31  Siege Tank  
  53  4:37  SCV  
  54  4:40  SCV  
  54  4:44  Command Center  
  55  4:49  Refinery, SCV  
  55  4:52  SCV  
  57  4:54  Supply Depot  
  57  4:57  Raven  
  59  5:01  SCV  
  59  5:04  SCV  
  61  5:07  Supply Depot  
  61  5:13  SCV  
  62  5:16  Marine x2, Siege Tank  
  65  5:25  SCV x2  
  67  5:31  Supply Depot  
  67  5:37  SCV  
  67  5:38  SCV  
  69  5:48  Barracks Reactor  
  69  5:49  SCV  
  69  5:50  SCV, Siege Tank  
  69  5:51  Factory  
  69  5:52  Factory  
  69  5:55  Viking  
  75  6:00  Viking  
  75  6:01  SCV  
  75  6:04  SCV  
  79  6:12  Armory  
  79  6:13  SCV  
  79  6:14  Engineering Bay  
  79  6:16  SCV  
  81  6:22  Refinery  
  81  6:24  Siege Tank  
  81  6:25  SCV  
  85  6:26  Refinery  
  85  6:29  SCV  
  85  6:30  Viking  
  88  6:37  SCV  
  88  6:38  Orbital Command  
  89  6:41  SCV  
  89  6:46  Siege Tank  
  93  6:49  SCV  
  93  6:50  Supply Depot  
  93  6:53  SCV  
  95  6:55  Viking  
  95  7:00  Viking  
  99  7:03  SCV, Terran Vehicle Weapons Level 1  
  99  7:07  SCV  
  101  7:12  SCV  
  102  7:18  SCV  
  102  7:20  Missile Turret  
  102  7:22  Missile Turret  
  103  7:23  Missile Turret  
  103  7:25  Viking, Missile Turret  
  103  7:26  SCV x2  
  103  7:29  Supply Depot  
  107  7:30  Viking  
  109  7:38  SCV  
  109  7:40  Sensor Tower  
  109  7:43  Supply Depot, SCV  
  109  7:44  Supply Depot  
  109  7:50  SCV, Factory  
  109  7:51  Factory  
  110  7:56  Command Center  
  110  7:57  SCV  
  111  8:00  SCV  
  111  8:03  Armory  
  112  8:06  Viking  
  112  8:08  Viking  
  112  8:09  SCV  
  112  8:10  SCV  
  112  8:12  Infernal Pre-Igniter  
  118  8:13  Smart Servos  
  118  8:19  SCV  
  119  8:21  SCV, Siege Tank  
  119  8:24  Siege Tank  
  119  8:26  Hellion  
  128  8:27  Hellion  
  128  8:32  Supply Depot  
  128  8:33  Supply Depot  
  130  8:34  Factory Tech Lab  
  130  8:35  Factory Reactor  
  130  8:38  Supply Depot  
  130  8:39  Viking  
  132  8:42  Viking  
  132  8:47  Supply Depot, SCV x3  
  137  8:50  Hellion  
  137  8:54  Siege Tank  
  137  8:55  Siege Tank  
  145  9:01  Terran Vehicle And Ship Armor Level 1  
  145  9:06  Supply Depot  
  145  9:07  Supply Depot  
  145  9:08  Siege Tank  
  145  9:09  Hellion  
  150  9:12  Hellion  
  152  9:20  Missile Turret  
  152  9:21  Hellion, Missile Turret  
  152  9:22  Missile Turret  
  152  9:23  SCV x2  
  156  9:24  SCV  
  156  9:25  Hellion  
  156  9:31  Siege Tank  
  162  9:40  Viking x2  
  166  9:46  Supply Depot  
  166  9:50  Thor  
  165  10:03  Missile Turret x2  
  165  10:04  Thor, Missile Turret  
  171  10:08  SCV  
  171  10:10  Viking  
  171  10:11  Thor  
  180  10:15  SCV x2  
  180  10:20  Hellion x2  
  185  10:22  SCV  
  186  10:28  Viking  
  186  10:30  SCV  
  189  10:35  SCV  
  189  10:39  SCV  
  189  10:42  SCV  
Show
View Real Time Build Order
Export as new Build Order

HeroMarine Terran - Winner!

Build Orders: Cyclone Opening 

Get SALT Encoding   

  12  0:00  SCV  
  13  0:12  SCV  
  14  0:16  Supply Depot  
  14  0:24  SCV  
  15  0:38  SCV  
  15  0:39  Barracks  
  15  0:42  Refinery  
  16  0:50  SCV  
  16  0:54  Refinery  
  17  1:02  SCV  
  18  1:14  SCV  
  19  1:26  Reaper, Orbital Command  
  19  1:28  Supply Depot  
  20  1:42  Factory  
  20  1:52  SCV  
  21  1:58  Reaper  
  22  2:04  SCV  
  23  2:16  SCV  
  23  2:20  Command Center  
  24  2:25  Factory Tech Lab  
  24  2:28  SCV  
  25  2:35  Barracks Reactor  
  25  2:40  SCV  
  26  2:44  Cyclone  
  26  2:46  Supply Depot  
  29  2:52  SCV  
  30  2:59  Starport  
  30  3:04  SCV  
  30  3:13  Marine x2  
  30  3:16  SCV, Cyclone  
  35  3:26  Refinery  
  35  3:28  SCV  
  35  3:31  Marine x2  
  35  3:33  Orbital Command  
  38  3:37  Starport Tech Lab  
  38  3:41  SCV  
  39  3:48  Siege Tank  
  39  3:51  Marine  
  39  3:52  Marine  
  45  3:57  Viking  
  45  4:02  Supply Depot  
  46  4:06  SCV  
  46  4:08  SCV  
  48  4:11  Marine x2  
  50  4:19  SCV  
  50  4:20  Siege Tank  
  50  4:23  Supply Depot  
  54  4:25  SCV  
  54  4:29  Marine x2  
  57  4:35  Raven  
  57  4:37  SCV x2  
  61  4:47  Marine x2  
  61  4:48  Supply Depot  
  61  4:49  SCV x2  
  65  4:55  Siege Tank  
  68  5:01  SCV x2  
  68  5:04  Supply Depot  
  70  5:11  Marine x2  
  70  5:13  SCV x2  
  74  5:18  Raven  
  73  5:23  Command Center  
  73  5:25  SCV x2  
  73  5:28  Supply Depot  
  75  5:31  Siege Tank  
  75  5:33  Marine x2  
  77  5:37  SCV x2  
  77  5:41  Refinery  
  79  5:49  SCV x2  
  81  5:51  Marine x2  
  83  6:02  SCV x2  
  83  6:04  Siege Tank  
  88  6:05  Barracks x2  
  88  6:11  Engineering Bay  
  88  6:12  Engineering Bay  
  88  6:15  Viking x2  
  88  6:18  SCV x2  
  94  6:21  Stimpack  
  94  6:28  Marine  
  94  6:35  SCV x2  
  94  6:37  Siege Tank  
  99  6:42  Barracks  
  99  6:43  Barracks  
  99  6:46  Viking  
  103  6:47  SCV x2  
  103  6:48  Viking  
  103  6:53  Barracks Reactor x2  
  105  6:57  Supply Depot  
  105  6:58  Supply Depot  
  105  6:59  SCV x2  
  107  7:01  Orbital Command  
  107  7:11  SCV x2  
  109  7:18  Viking x2  
  109  7:21  Refinery x2  
  113  7:23  SCV x2  
  113  7:24  Supply Depot  
  113  7:28  SCV  
  115  7:30  Barracks Tech Lab x2  
  115  7:31  Siege Tank  
  115  7:35  SCV x2  
  120  7:38  Supply Depot, Terran Infantry Weapons Level 1  
  120  7:39  Terran Infantry Armor Level 1  
  120  7:40  SCV  
  122  7:47  SCV  
  122  7:49  SCV  
  129  7:52  Viking x2  
  129  7:57  Command Center  
  126  8:01  Combat Shield  
  126  8:04  Concussive Shells  
  129  8:07  Marine x2, Marauder x3  
  129  8:08  Marine  
  129  8:09  Marine  
  136  8:21  Supply Depot x2  
  136  8:22  Medivac x2  
  136  8:23  SCV  
  136  8:26  Sensor Tower  
  141  8:29  Supply Depot x2  
  141  8:42  Marine x2  
  141  8:43  SCV x2, Siege Tank, Marauder x3  
  141  8:44  Supply Depot  
  141  8:45  Factory  
  141  8:47  Marine x2  
  156  8:54  Viking x2  
  160  9:01  Armory  
  160  9:02  Marine, Supply Depot  
  160  9:04  Marine, Marauder x2  
  160  9:05  Marine, Marauder  
  160  9:06  SCV x2  
  160  9:07  SCV  
  172  9:19  Refinery, SCV  
  172  9:20  SCV x2  
  172  9:21  Starport  
  175  9:24  Viking x2  
  175  9:25  Refinery  
  175  9:26  Marauder  
  181  9:38  Marine x2, Marauder  
  182  9:39  Marine  
  182  9:43  Siege Tank  
  182  9:44  Marauder, Factory Tech Lab  
  190  9:47  Marauder  
  187  9:55  Marine  
  187  9:56  Marine, Viking  
  187  9:57  Viking  
  187  9:59  Marauder  
  184  10:01  Planetary Fortress  
  184  10:02  SCV x3  
  184  10:07  Marine x2, Marauder  
  189  10:09  Marauder  
  193  10:15  Siege Tank  
  199  10:23  Viking  
  199  10:28  Marauder  
  197  10:42  Marine  
  197  10:43  Marine  

Tags
 
Add a new tag
Caveats
  • Supply blocks, unpowered buildings, or Contaminate may cause inaccurate times.
  • Supply counts are checked every 10 seconds.